 Dungeon Crawl Stone Soup version 0.29.0-11-gd7f09526c8 (webtiles) character file.

Game seed: 6364516020248825735

415 concernfroge the Trooper (level 6, -5/49 HPs)
             Began as a Mummy Monk on Sept 4, 2022.
             Splashed by a jelly's acid (7 damage)
             ... on level 4 of the Dungeon.
             The game lasted 00:10:52 (3675 turns).

concernfroge the Trooper (Mummy Monk)               Turns: 3675, Time: 00:10:53

Health: -5/49      AC: -2    Str: 17    XL:     6   Next: 60%
Magic:  6/6        EV:  5    Int:  9    God:
Gold:   17         SH:  0    Dex: 14    Spells: 5/5 levels left

rFire   x . .      SeeInvis .   a - +0 spear
rCold   + . .      Faith    .   (no shield)
rNeg    + + +      Spirit   .   g - +0 plate armour
rPois   ∞          Reflect  .   (no helmet)
rElec   .          Harm     .   (no cloak)
rCorr   .          Rampage  .   (no gloves)
Will    .....                   (no boots)
Stlth   ..........              (no amulet)
HPRegen 0.16/turn               (no ring)
MPRegen 0.10/turn               (no ring)

@: corroded
A: cold resistance 1, negative energy resistance 3, torment resistance 2, heat
vulnerability 1, in touch with death 1, no potions
a: no special abilities


You were on level 4 of the Dungeon.
You visited 1 branch of the dungeon, and saw 4 of its levels.

You collected 172 gold pieces.
You spent 155 gold pieces at shops.

Inventory:

Hand Weapons
 a - a +0 spear (weapon)
Missiles
 c - 13 poisoned darts (quivered)
Armour
 g - a +0 plate armour (worn)
Scrolls
 b - a scroll of amnesia {unknown}
 d - a scroll of fear {unknown}
 e - 3 scrolls of magic mapping {unknown}
 f - a scroll of enchant armour {unknown}
 h - 2 scrolls of poison
 i - 3 scrolls of teleportation {unknown}
 k - 3 scrolls of identify {unknown}
 l - a scroll of enchant weapon
 n - a scroll of fog {unknown}
 o - a scroll of vulnerability


   Skills:
 + Level 4.5 Fighting
 + Level 3.7 Polearms
 + Level 3.7 Dodging
 + Level 3.4 Stealth


You had 5 spell levels left.
You didn't know any spells.
Your spell library contained the following spells:

 Spells                   Type           Power      Damage    Failure   Level
 Foxfire                  Conj/Fire      0%         2x1d4     100%        1
 Conjure Flame            Conj/Fire      0%         6-21      100%        3
 Inner Flame              Hex/Fire       0%         N/A       100%        3
 Flame Wave               Conj/Fire      0%         2d4       100%        4
 Petrify                  Tmut/Erth      0%         N/A       100%        4
 Irradiate                Conj/Tmut      0%         3d11      100%        5
 Sublimation of Blood     Necr           Unusable   N/A       N/A         2

Dungeon Overview and Level Annotations

Branches:
Dungeon (4/15)
 Temple: D:4-7

Altars:
Xom

Shops:
D:3 ?

Annotations:
D:4 Robin


Innate Abilities, Weirdness & Mutations

You are immune to poison.
Your flesh is cold resistant. (rC+)
You are immune to negative energy. (rN+++)
You are immune to unholy pain and torment.
You are vulnerable to heat. (rF-)
You are in touch with the powers of death.
You do not drink.


Message History

You reach to attack!
You hit the quokka.
You kill the quokka!
A jelly comes into view.
Found a fuming sapphire potion.
The jelly quivers.
You puncture the jelly!
Your hands burn!
The jelly is heavily wounded.
The jelly hits you. The acid corrodes you!
You are splashed with acid.
You hit the jelly but do no damage.
Your hands burn!
The jelly is heavily wounded.
The jelly hits you but does no damage.
You barely miss the jelly.
The jelly is heavily wounded.
The jelly completely misses you.
You hit the jelly.
Your hands burn!
The jelly is heavily wounded.
The jelly hits you. The acid corrodes you!
You are splashed with acid.
You hit the jelly but do no damage. The acid corrodes you!
Your hands burn!
The jelly is heavily wounded.
The jelly hits you. The acid corrodes you!
You are splashed with acid!
Okay, then.
Okay, then.
You can't see any enemies this would affect, really read the scroll of poison?
Okay, then.
As you read the scroll labelled GUALETY UTEOT, it crumbles to dust.
You feel a surge of unholy energy.
The jelly convulses!
It was a scroll of torment.
The jelly hits you.
* * * LOW HITPOINT WARNING * * *
You are splashed with acid!
* * * LOW HITPOINT WARNING * * *
Okay, then.
You aren't carrying any items that you can evoke.
Okay, then.
You hit the jelly but do no damage.
Your hands burn!
* * * LOW HITPOINT WARNING * * *
The jelly is severely wounded.
The jelly hits you.
* * * LOW HITPOINT WARNING * * *
You are splashed with acid!
You die...

##.###.#...###...#
#...###.## #
......##....#
#####.##.####
#.##.# #.##.# .
#.##.#
....####.##:######
...(..J@...........
..........((#######
..!#####.#### . #.#
..# ####


You could see a jelly.

Vanquished Creatures
  Menkaure (D:4)
  An ogre (D:4)
  A kobold brigand (D:3)
  An iguana (D:3)
  6 adders
  A dart slug (D:2)
  7 orcs (D:3)
  6 ball pythons (D:2)
  4 endoplasms
  4 giant cockroaches
  6 goblins
  7 hobgoblins
  3 kobolds
  3 quokkas
  7 bats
  4 frilled lizards
  4 rats
66 creatures vanquished.

Notes
Turn   | Place    | Note
-------+----------+-------------------------------------------
     0 | D:1      | concernfroge the Mummy Monk began the quest for the Orb.
     0 | D:1      | Reached XP level 1. HP: 18/18 MP: 1/1
   206 | D:1      | Reached XP level 2. HP: 19/24 MP: 2/2
   679 | D:2      | Gained mutation: You are in touch with the powers of death.
                  | [Mummy growth]
   679 | D:2      | Reached XP level 3. HP: 29/29 MP: 3/3
   869 | D:2      | Found a shimmering altar of Xom.
  1188 | D:2      | Reached XP level 4. HP: 32/35 MP: 4/4
  1680 | D:1      | Found a faded altar of an unknown god.
  2445 | D:3      | Found Qaimoini's Magic Scroll Emporium.
  2449 | D:3      | Bought a scroll of poison for 40 gold pieces
  2449 | D:3      | Bought a scroll of enchant weapon for 75 gold pieces
  2760 | D:3      | Reached XP level 5. HP: 37/42 MP: 5/5
  3266 | D:3      | Bought a scroll of vulnerability for 40 gold pieces
  3326 | D:3      | Reached skill level 4 in Fighting
  3517 | D:4      | Noticed Robin
  3618 | D:4      | Noticed an ogre
  3638 | D:4      | Killed an ogre
  3639 | D:4      | Reached XP level 6. HP: 48/48 MP: 6/6
  3652 | D:4      | Noticed Menkaure
  3656 | D:4      | Killed Menkaure
  3675 | D:4      | HP: 2/49 [jelly (2)]
  3675 | D:4      | Splashed by a jelly's acid

Illustrated notes

Levels and vault maps discovered:
D:1:      lightli_arrival_farm, layout_basic,
          hellmonk_ecumenical_altar_arch_garden, minmay_pentomino_p2
D:2:      layout_loops_corners, basic_altar
D:3:      layout_loops_corners, serial_shops, shop
D:4:      layout_loops_ring, lexackson_kobold_supper, uniq_menkaure,
          uniq_duvessa, uniq_ijyb, uniq_robin

Skill      XL: |  1  2  3  4  5 |
---------------+----------------+-----
Stealth        | 2 3 |  3.4
Polearms       | 3 |  3.7
Dodging        | 3 |  3.7
Fighting       | 4 |  4.5

Action                   |  1- 3 |  4- 6 || total
-------------------------+-------+-------++-------
Melee: Spear             |   134 |   168 ||   302
       Punch             |     2 |     3 ||     5
Throw: Dart              |     3 |    20 ||    23
       Javelin           |       |     5 ||     5
  Use: Scroll            |       |     2 ||     2
Armor: Robe              |    10 |       ||    10
       Plate armour      |    40 |    79 ||   119
Dodge: Dodged            |    55 |    21 ||    76
